 Dungeon Crawl Stone Soup version 0.27.1-4-g1640c2035a (webtiles) character file.

Game seed: 5068353570180822557

15699 Crownlay the Geomancer (level 12, 0/64 HPs)
             Began as a Gargoyle Earth Elementalist on Nov 6, 2021.
             Slain by a dire elephant simulacrum (17 damage)
             ... in an ice cave.
             The game lasted 00:29:06 (15088 turns).

Crownlay the Geomancer (GrEE)                      Turns: 15088, Time: 00:29:07

Health: 0/64       AC: 19    Str: 14    XL:     12   Next: 29%
Magic:  3/27       EV: 10    Int: 19    God:
Gold:   612        SH:  0    Dex: 10    Spells: 18/33 levels left

rFire    . . .     SeeInvis .   v - staff of earth
rCold    + . .     Faith    .   (no shield)
rNeg     + . .     Spirit   .   z - +2 swamp dragon scales
rPois    ∞         Reflect  .   (no helmet)
rElec    +         Harm     .   (no cloak)
rCorr    .         Rampage  .   p - +0 pair of gloves
Will     +....                  l - +0 pair of boots
Stlth    +.........             (no amulet)
HPRegen  0.20/turn              w - ring of willpower
MPRegen  0.20/turn              t - ring of protection from cold

@: slowed, very slow
A: sickness immunity, AC +8, negative energy resistance 1, electricity
resistance, torment resistance 1, petrification resistance
a: no special abilities


You were in an ice cave.
You visited 3 branches of the dungeon, and saw 11 of its levels.
You also visited: Sewer and Ice Cave.

You collected 612 gold pieces.

Inventory:

Missiles
 h - 2 throwing nets
 D - 36 stones
Armour
 l - a +0 pair of boots (worn)
 p - a +0 pair of gloves (worn)
 z - +2 swamp dragon scales (worn)
Magical Staves
 v - a staff of earth (weapon)
Jewellery
 g - a ring of see invisible
 k - an amulet of faith
 t - a ring of protection from cold (right hand)
 w - a ring of willpower (left hand)
Wands
 c - a wand of paralysis (6)
 y - a wand of flame (7)
 B - a wand of iceblast (3)
Scrolls
 e - 2 scrolls of noise
 f - 3 scrolls of fear
 j - 3 scrolls of immolation
 s - 2 scrolls of teleportation
 u - a scroll of fog {unknown}
 x - 2 scrolls of enchant armour {unknown}
 A - a scroll of blinking {unknown}
 C - 2 scrolls of magic mapping {unknown}
Potions
 a - 2 potions of might
 b - 2 potions of attraction {unknown}
 d - a potion of haste {unknown}
 i - 3 potions of curing
 m - a potion of heal wounds
 n - 2 potions of flight
 o - a potion of ambrosia {unknown}
 q - 3 potions of brilliance {unknown}
 r - 2 potions of lignification {unknown}


   Skills:
 - Level 3.0 Fighting
 - Level 1.5 Dodging
 - Level 2.1 Stealth
 + Level 11.4 Spellcasting
 + Level 8.3 Conjurations
 - Level 0.7 Transmutations
 * Level 14.0 Earth Magic
 - Level 5.0 Evocations


You had 18 spell levels left.
You knew the following spells:

 Your Spells              Type           Power      Damage    Failure   Level
a - Sandblast             Erth           100%       2d20      1%          1
b - Stone Arrow           Conj/Erth      100%       3d13      1%          3
c - Bolt of Magma         Conj/Fire/Erth 28%        4d13      17%         5
d - Iron Shot             Conj/Erth      34%        9d7       21%         6

Your spell library contained the following spells:

 Spells                   Type           Power      Damage    Failure   Level
 Magic Dart               Conj           100%       1d8       1%          1
 Passwall                 Tmut/Erth      45%        N/A       1%          2
 Searing Ray              Conj           84%        3d6       1%          2
 Petrify                  Tmut/Erth      55%        N/A       6%          4
 Iskenderun's Battlesphe  Conj           42%        2d9       12%         5
 Mephitic Cloud           Conj/Pois/Air  21%        N/A       13%         3
 Corpse Rot               Necr/Air       N/A        N/A       21%         2
 Poisonous Vapours        Pois/Air       20%        N/A       21%         2
 Slow                     Hex            10%        N/A       21%         2
 Fulminant Prism          Conj/Hex       13%        3d9       24%         4
 Ignite Poison            Fire/Tmut/Pois 11%        N/A       34%         3
 Confusing Touch          Hex            10%        N/A       36%         3
 Freezing Cloud           Conj/Ice/Air   10%        6-21      75%         5
 Summon Lightning Spire   Summ/Air       10%        N/A       78%         4
 Yara's Violent Unravell  Hex/Tmut       6%         3d5       97%         5
 Spellforged Servitor     Conj/Summ      13%        N/A       100%        7
 Storm Form               Tmut/Air       6%         N/A       100%        7
 Maxwell's Capacitive Co  Air            5%         ∞         100%        8


Dungeon Overview and Level Annotations

Branches:
Dungeon (9/15)             Temple (1/1) D:6            Lair (1/6) D:8
    Orc (0/2) D:9           Sewer (visited)           IceCv (1/1)

Altars:
Ashenzari
Cheibriados
Dithmenos
Elyvilon
Fedhas
Gozag
Hepliaklqana
Kikubaaqudgha
Nemelex Xobeh
Okawaru
Qazlal
Ru
Sif Muna
Uskayaw
Wu Jian
Xom
Yredelemnul
Zin
The Shining One

Shops:
D:3 *   D:8 *

Annotations:
D:6 1 runed translucent door, Setanta's ghost, novice GnFi
D:7 3 runed translucent doors, Crownlay's ghost, novice GrEE; diceflayer's ghost, novice MiFi


Innate Abilities, Weirdness & Mutations

You are immune to sickness and miasma.
Your stone body is resilient. (AC +8)
You are immune to poison.
You resist negative energy. (rN+)
You are resistant to electric shocks. (rElec)
You are resistant to unholy torment.
You are immune to petrification.


Message History

You feel a surge of power!
The blast of sand hits the freezing wraith!
The freezing wraith is moderately damaged.
The freezing wraith hits you. The freezing wraith freezes you. You resist.
The freezing wraith hits you. The freezing wraith drains your vigour!
You feel yourself slow down. The freezing wraith hits you!
The freezing wraith freezes you! You resist.
The freezing wraith hits you but does no damage.
Aiming: Throw Flame
Press: ? - help, Shift-Dir - straight line, f/p - freezing wraith
Aim: a freezing wraith (moderately damaged, 74% to hit)
The puff of flame misses the freezing wraith.
The puff of flame hits the dire elephant simulacrum but does no damage.
The dire elephant simulacrum is heavily damaged.
The freezing wraith completely misses you.
The freezing wraith hits you but does no damage.
Aiming: Throw Flame
Press: ? - help, Shift-Dir - straight line, f - dire elephant simulacrum, p - freezing wraith
Aim: a dire elephant simulacrum (heavily damaged, 100% to hit)
The puff of flame hits the dire elephant simulacrum.
The dire elephant simulacrum melts!
The dire elephant simulacrum is severely damaged.
The freezing wraith completely misses you.
The freezing wraith barely misses you.
The dire elephant simulacrum tramples you!
The dire elephant simulacrum freezes you!
You resist.
* * * LOW HITPOINT WARNING * * *
The dire elephant simulacrum trunk-slaps you but does no damage.
The freezing wraith barely misses you.
The freezing wraith hits you but does no damage.
You feel much better.
The dire elephant simulacrum barely misses you.
The dire elephant simulacrum trunk-slaps you but does no damage.
The freezing wraith hits you but does no damage. x2
The dire elephant simulacrum tramples you!
* * * LOW HITPOINT WARNING * * *
The dire elephant simulacrum freezes you!
You resist.
You die...

#...∩...#
##.....##
##...##
##.##
##...##
##.....##
#.......#
#.......#
#...@...#
#(.ZW...#
#.....(.#
####.####
#.......#
#.......#
#.......#
#.......#
#.......#


You could see a freezing wraith and a dire elephant simulacrum.

Vanquished Creatures
  4 two-headed ogres
  Pikel (D:8)
  An ugly thing (IceCv)
  2 orc sorcerers (D:9)
  3 ice statues (IceCv)
  2 cane toads (Lair:1)
  Maggie (D:8)
  An anaconda simulacrum (IceCv)
  A komodo dragon (Lair:1)
  2 trolls
  Prince Ribbit (D:5)
  Sigmund (D:5)
  A wraith (D:8)
  23 yaks
  Grum (D:9)
  3 water moccasins
  A swamp drake (D:9)
  3 orc warriors
  2 sky beasts
  A necrophage (D:6)
  A black bear (D:4)
  An ice beast (D:6)
  4 ogres
  12 wolves
  2 centaurs
  A phantom (D:5)
  A kobold brigand (Sewer)
  A lemure (D:8)
  2 bullfrogs
  A cane toad simulacrum (IceCv)
  2 scorpions
  A water moccasin skeleton (D:6)
  An elephant simulacrum (IceCv)
  4 howler monkeys (D:9)
  6 electric eels (D:7)
  3 gnoll shamans
  A bullfrog skeleton (D:6)
  5 hounds
  5 orc priests
  A centaur skeleton (D:7)
  Terence (D:3)
  5 iguanas
  Ijyb (D:5)
  6 orc wizards
  A polar bear simulacrum (IceCv)
  4 wolf simulacra
  A hound skeleton (D:4)
  21 gnolls
  3 howler monkey zombies
  6 adders
  2 river rats (Sewer)
  2 white imps
  An ufetubus (D:7)
  2 worms
  3 dart slugs
  24 orcs
  5 endoplasms
  4 giant cockroaches
  2 hobgoblins
  13 jackals
  14 kobolds
  3 quokkas
  9 ball pythons
  5 bats
  3 frilled lizards
  9 goblins
  11 rats
271 creatures vanquished.

Vanquished Creatures (others)
  2 fungi (Lair:1)
  25 plants
  6 withered plants (D:7)
33 creatures vanquished.

Grand Total: 304 creatures vanquished

Notes
Turn   | Place    | Note
-------+----------+-------------------------------------------
     0 | D:1      | Crownlay the Gargoyle Earth Elementalist began the quest
                  | for the Orb.
     0 | D:1      | Reached XP level 1. HP: 10/10 MP: 3/3
   235 | D:1      | Reached XP level 2. HP: 13/15 MP: 5/5
   818 | D:1      | Reached skill level 4 in Earth Magic
  1056 | D:1      | Found a faded altar of an unknown god.
  1151 | D:1      | Reached XP level 3. HP: 19/19 MP: 7/7
  2161 | D:2      | Found a sparkling altar of Nemelex Xobeh.
  2416 | D:3      | Reached XP level 4. HP: 21/24 MP: 4/9
  2425 | D:3      | Learned a level 3 spell: Stone Arrow
  2468 | D:3      | Reached XP level 5. HP: 28/28 MP: 2/11
  2472 | D:3      | Found Yciuwady's General Store.
  2554 | D:3      | Noticed Terence
  2565 | D:3      | Killed Terence
  2572 | D:3      | Found a glowing drain.
  2652 | Sewer    | Entered a sewer
  2659 | Sewer    | Reached skill level 5 in Earth Magic
  2798 | Sewer    | Noticed a kobold brigand
  2843 | Sewer    | Killed a kobold brigand
  2844 | Sewer    | Reached XP level 6. HP: 32/32 MP: 11/13
  2898 | Sewer    | Found a white marble altar of Elyvilon.
  3696 | D:3      | Found a snail-covered altar of Cheibriados.
  3770 | D:3      | Reached skill level 5 in Spellcasting
  4128 | D:4      | Found an iron altar of Okawaru.
  4354 | D:4      | Reached skill level 6 in Earth Magic
  4354 | D:4      | Reached XP level 7. HP: 36/36 MP: 13/15
  4486 | D:4      | Found an ancient bone altar of Kikubaaqudgha.
  4875 | D:5      | Entered Level 5 of the Dungeon
  5131 | D:5      | Noticed Sigmund
  5134 | D:5      | Killed Sigmund
  5135 | D:5      | Reached skill level 7 in Earth Magic
  5135 | D:5      | Reached XP level 8. HP: 41/41 MP: 11/18
  5197 | D:5      | Found a sacrificial altar of Ru.
  5619 | D:5      | Noticed a two-headed ogre
  5627 | D:5      | Killed a two-headed ogre
  5628 | D:5      | Reached skill level 8 in Earth Magic
  5628 | D:5      | Reached XP level 9. HP: 17/45 MP: 8/21
  5909 | D:5      | Noticed Ijyb
  5913 | D:5      | Noticed Prince Ribbit
  5915 | D:5      | Killed Ijyb
  5922 | D:5      | Killed Prince Ribbit
  5923 | D:5      | Reached skill level 9 in Earth Magic
  6109 | D:5      | Found an opulent altar of Gozag.
  6394 | D:6      | Found a staircase to the Ecumenical Temple.
  6400 | Temple   | Entered the Ecumenical Temple
  6485 | D:6      | Found a runed translucent door.
  7080 | D:6      | Found a shimmering altar of Xom.
  7080 | D:6      | Noticed a +2 short sword of chaos
  7080 | D:6      | Noticed Setanta's ghost (novice GnFi)
  7991 | D:7      | Reached skill level 10 in Spellcasting
  8046 | D:7      | Reached skill level 1 in Fighting
  8148 | D:7      | Reached skill level 10 in Earth Magic
  8266 | D:7      | Noticed a two-headed ogre
  8273 | D:7      | Killed a two-headed ogre
  8274 | D:7      | Reached XP level 10. HP: 56/56 MP: 14/24
  8715 | D:7      | Found a runed translucent gate.
  8715 | D:7      | Found a runed translucent gate.
  8731 | D:7      | Noticed diceflayer's ghost (novice MiFi)
  8731 | D:7      | Noticed Crownlay's ghost (novice GrEE)
  8732 | D:7      | Found a runed translucent gate.
  9471 | D:8      | Noticed Maggie
  9475 | D:8      | Killed Maggie
  9875 | D:8      | Found a stormy altar of Qazlal.
  9927 | D:8      | Noticed a two-headed ogre
 10367 | D:8      | Killed a two-headed ogre
 10458 | D:7      | Reached skill level 5 in Evocations
 10630 | D:8      | Reached skill level 5 in Conjurations
 10959 | D:8      | Noticed Pikel
 10964 | D:8      | Killed Pikel
 10965 | D:8      | Reached XP level 11. HP: 60/60 MP: 12/26
 11077 | D:8      | Found a staircase to the Lair.
 11148 | D:8      | Found Postranerch's General Store.
 11863 | D:9      | Learned a level 5 spell: Bolt of Magma
 12618 | D:9      | Found a staircase to the Orcish Mines.
 12754 | D:9      | Noticed a two-headed ogre
 12759 | D:9      | Killed a two-headed ogre
 12760 | D:9      | Reached skill level 11 in Earth Magic
 12822 | D:9      | Noticed an orc sorcerer
 12828 | D:9      | Killed an orc sorcerer
 13043 | D:9      | Reached skill level 12 in Earth Magic
 13095 | D:9      | Noticed an orc sorcerer
 13099 | D:9      | Killed an orc sorcerer
 13332 | D:9      | Noticed Grum
 13347 | D:9      | Killed Grum
 13723 | Lair:1   | Entered Level 1 of the Lair of Beasts
 13821 | Lair:1   | Reached skill level 13 in Earth Magic
 13888 | Lair:1   | Reached XP level 12. HP: 64/64 MP: 10/27
 13989 | Lair:1   | Found a frozen archway.
 14003 | IceCv    | Entered an ice cave
 14155 | IceCv    | Learned a level 6 spell: Iron Shot
 15078 | IceCv    | Reached skill level 14 in Earth Magic
 15088 | IceCv    | Slain by a dire elephant simulacrum

Illustrated notes

Levels and vault maps discovered:
D:1:      psy_arrival_conway, layout_basic,
          hellmonk_ecumenical_altar_inner_sanctum, nrook_mini_backslash,
          minivault_26
D:2:      layout_basic, basic_altar
D:3:      minmay_skewed_foursquare, layout_loops_cross, cheibriados_altar_1,
          portal_sewer_entry_a, serial_shops, shop, kennysheep_cross_room,
          minmay_misc_feat_tower, uniq_terence
D:4:      layout_basic, mainiacjoe_overflow_alcove_2, lemuel_round_altar
D:5:      layout_rooms, nicolae_ru_great_annihilating_truth,
          mainiacjoe_overflow_concentric_impassable,
          amcnicky_mini_rare_corridor_liquid, uniq_prince_ribbit1, uniq_ijyb,
          uniq_sigmund
D:6:      layout_basic, minmay_temple_entry_enclosed_plants, ebering_ghost_xom,
          minmay_misc_feat_columns, lemuel_another_geyser
D:7:      layout_loops_ring, serial_bayou, serial_bayou_ford_a,
          serial_bayou_crossing, serial_bayou_pond_d, serial_bayou_lake_a,
          gammafunk_ghost_cemetery
D:8:      layout_basic, nicolae_qazlal_general_emergency, lair_entry_dummy,
          serial_shops, shop, uniq_pikel, uniq_maggie
D:9:      cheibrodos_wizards_tower, layout_long_grid, erik_orc_1, uniq_grum
Temple:   nicolae_temple_god_jail
Lair:1:   layout_roguey, portal_ice_cave_entry_ice_simulacra,
          chequers_serial_rivers_micro_e, minmay_lair_oklob_chamber,
          infiniplex_staircase_pool_2, grunt_megastairs_5
IceCv:    ice_cave_statue_garden_chambered

Skill      XL: |  1  2  3  4  5  6  7  8  9 10 11 12 |
---------------+-------------------------------------+-----
Earth Magic    | 4 5 6 7 8 10 13 14 | 14.0
Spellcasting   | 3 4 5 6 8 10 11 | 11.4
Fighting       | 3 |  3.0
Conjurations   | 2 6 8 |  8.3
Evocations     | 2 5 |  5.0
Dodging        | |  1.5
Stealth        | |  2.1
Transmutations | |  0.7

Action                   |  1- 3 |  4- 6 |  7- 9 | 10-12 || total
-------------------------+-------+-------+-------+-------++-------
Melee: Club              |    33 |       |       |       ||    33
       Whip              |    51 |    76 |    16 |       ||   143
       Staff             |       |       |     7 |    46 ||    53
 Cast: Sandblast         |    24 |    40 |    53 |    63 ||   180
       Stone Arrow       |       |     1 |    86 |   210 ||   297
Evoke: Wand              |       |       |       |    38 ||    38
  Use: Potion            |       |     1 |       |     1 ||     2
       Scroll            |       |       |     2 |     2 ||     4
 Stab: Sleeping          |     6 |     3 |       |       ||     9
Armor: Robe              |    36 |    34 |    17 |     3 ||    90
       Swamp dragon scal |       |       |       |    74 ||    74
Dodge: Dodged            |    70 |    53 |    46 |    74 ||   243
